 Dungeon Crawl Stone Soup version 0.27.0-1-g7a089689b8 (webtiles) character file.

Game seed: 5281915298221327459

98 pkoi the Ruffian (level 4, -9/40 HPs)
             Began as a Minotaur Monk on Aug 5, 2021.
             Was a Priest of Makhleb.
             Killed by nerve-wracking pain
             ... invoked by an orc priest
              (13 damage)
             ... on level 3 of the Dungeon.
             The game lasted 00:02:07 (2948 turns).

pkoi the Ruffian (Minotaur Monk)                    Turns: 2948, Time: 00:02:07

Health: -9/40      AC:  2    Str: 17    XL:     4   Next: 44%
Magic:  4/4        EV: 12    Int:  7    God:    Makhleb [***...]
Gold:   162        SH:  0    Dex: 12    Spells: 3/3 levels left

rFire    . . .     SeeInvis .     - Unarmed
rCold    . . .     Faith    .   (no shield)
rNeg     . . .     Spirit   .   a - +0 robe
rPois    .         Reflect  .   (helmet restricted)
rElec    .         Harm     .   (no cloak)
rCorr    .         Rampage  .   (no gloves)
Will     .....                  (no boots)
Stlth    ++........             (no amulet)
HPRegen  0.13/turn              (no ring)
MPRegen  0.09/turn              (no ring)

@: about to teleport
A: horns 2, retaliatory headbutt
a: Renounce Religion, Minor Destruction, Lesser Servant of Makhleb


You were on level 3 of the Dungeon.
You worshipped Makhleb.
Makhleb was most pleased with you.
You visited 1 branch of the dungeon, and saw 3 of its levels.

You collected 162 gold pieces.

Inventory:

Armour
 a - a +0 robe (worn)
Scrolls
 g - a scroll of enchant armour {unknown}
 h - 2 scrolls of immolation {unknown}
 i - 2 scrolls of fog {unknown}
 k - a scroll of acquirement {unknown}
 l - a scroll of identify {unknown}
Potions
 b - 2 potions of curing {unknown}
 c - a potion of magic {unknown}
 d - a potion of brilliance {unknown}
 f - a potion of invisibility {unknown}
 j - a potion of lignification {unknown}
 m - a potion of degeneration {unknown}


   Skills:
 + Level 3.7 Fighting
 + Level 0.2 Armour
 - Level 3.3 Dodging
 - Level 1.5 Stealth
 * Level 4.9 Unarmed Combat
 + Level 2.3 Invocations


You had 3 spell levels left.
You didn't know any spells.
Your spell library contained the following spells:

 Spells                   Type           Power      Damage    Failure   Level
 Magic Dart               Conj           0%         1d3       43%         1
 Call Imp                 Summ           0%         N/A       56%         2
 Corpse Rot               Necr/Air       N/A        N/A       56%         2
 Poisonous Vapours        Pois/Air       0%         N/A       56%         2
 Slow                     Hex            0%         N/A       56%         2
 Confusing Touch          Hex            0%         N/A       80%         3
 Mephitic Cloud           Conj/Pois/Air  0%         N/A       80%         3
 Lightning Bolt           Conj/Air       0%         1d11      100%        5
 Yara's Violent Unravell  Hex/Tmut       0%         3d3       100%        5
 Chain Lightning          Conj/Air       0%         N/A       100%        9


Dungeon Overview and Level Annotations

Branches:
Dungeon (3/15)

Altars:
Makhleb

Shops:
D:1 (


Innate Abilities, Weirdness & Mutations

You have a pair of horns on your head.
You reflexively headbutt those who attack you in melee.


Message History

HP restored.
Found a club.
You now have 162 gold pieces (gained 9).
Found a stone staircase leading down.
An orc comes into view. It is wielding a +0 hand axe.
An orc is nearby!
An orc is nearby!
An orc and an orc priest come into view.
An adder and an orc priest come into view.
The orc priest shouts! x2; The orc shouts!
The adder hisses angrily.
The orc priest invokes the aid of Beogh against you.
Beogh smites you!
You hit the orc priest but do no damage.
Your headbutt misses the orc priest.
The orc priest hits you with a +0 hand axe.
The orc priest invokes the aid of Beogh against you.
Beogh smites you!
* * * LOW HITPOINT WARNING * * *
You are too injured to fight recklessly!
You are too injured to fight recklessly!
You are too injured to fight recklessly!
You are too injured to fight recklessly!
You are too injured to fight recklessly!
You are too injured to fight recklessly!
You are too injured to fight recklessly!
You are too injured to fight recklessly!
You are too injured to fight recklessly!
You are too injured to fight recklessly!
You are too injured to fight recklessly!
You are too injured to fight recklessly!
Unknown command.
As you read the scroll labelled LUEPI HUBA, it crumbles to dust.
You feel strangely unstable.
It was a scroll of teleportation.
The orc hits you with a +0 hand axe.
* * * LOW HITPOINT WARNING * * *
The orc closely misses you.
The orc priest looks satisfied for a moment.
The orc priest invokes the aid of Beogh against you.
Pain shoots through your body!
You die...

# ########
#############
#....o.####...........#
#....o@................
#....oo##.#...........#
#.....S##.#............
#......##.#..........†.
#......##.#..).........
#......##.#............
#......##.#...........#
#......##.#...........#
#...........#


You could see 2 orc priests, an adder and 2 orcs.

Vanquished Creatures
  5 adders
  2 worms (D:2)
  3 dart slugs
  4 endoplasms
  A giant cockroach (D:2)
  8 goblins
  6 hobgoblins
  A quokka (D:2)
  4 ball pythons (D:1)
  A bat (D:1)
  2 frilled lizards (D:1)
  4 kobolds
  A rat (D:1)
42 creatures vanquished.

Notes
Turn   | Place    | Note
-------+----------+-------------------------------------------
     0 | D:1      | pkoi the Minotaur Monk began the quest for the Orb.
     0 | D:1      | Reached XP level 1. HP: 19/19 MP: 0/0
   174 | D:1      | Noticed a great orb of eyes
   175 | D:1      | Found a faded altar of an unknown god.
   181 | D:1      | Noticed a shining eye
   181 | D:1      | Noticed a golden eye
   181 | D:1      | Noticed a floating eye
   187 | D:1      | Became a worshipper of Makhleb the Destroyer
   187 | D:1      | Reached * piety under Makhleb
   187 | D:1      | Reached ** piety under Makhleb
   198 | D:1      | Reached XP level 2. HP: 26/26 MP: 1/1
   394 | D:1      | Reached skill level 4 in Unarmed Combat
   467 | D:1      | Reached *** piety under Makhleb
   504 | D:1      | Reached skill level 1 in Invocations
   645 | D:1      | Found Evefoczi's Antique Weapon Emporium.
   977 | D:2      | Reached XP level 3. HP: 19/31 MP: 1/3
  1100 | D:2      | Got the Catalogue of Lightness
  2078 | D:2      | Reached XP level 4. HP: 31/39 MP: 4/4
  2948 | D:3      | Killed from afar by an orc priest

Illustrated notes

Levels and vault maps discovered:
D:1:      sevenhm_arrival_forest_fort_large_4, layout_loops_ring,
          hellmonk_ecumenical_altar_watching_god, serial_shops,
          nicolae_diamond_shop, minmay_statues_item, minmay_tromino_i4
D:2:      layout_basic, grunt_decor_mini_mirrors, nrook_uturn,
          kennysheep_pointless_box
D:3:      layout_basic, gammafunk_temple_overflow_forgotten

Skill      XL: |  1  2  3 |
---------------+----------+-----
Unarmed Combat | 4 |  4.9
Invocations    | 1 2 |  2.3
Fighting       | |  3.7
Armour         | |  0.2
Dodging        | |  3.3
Stealth        | |  1.5

Action                   |  1- 3 |  4- 6 || total
-------------------------+-------+-------++-------
Melee: Unarmed           |   107 |    26 ||   133
       Headbutt          |    19 |     4 ||    23
       Punch             |     2 |     1 ||     3
  Use: Scroll            |       |     1 ||     1
 Stab: Sleeping          |     2 |     2 ||     4
Armor: Robe              |    20 |       ||    20
Dodge: Dodged            |    53 |     9 ||    62
